Blue Jackets vs Coyotes (R1)

Created - 18 janvier 2016 at 19:09

Goals
1 2 3 T
Blue Jackets 2 2 2 6
Coyotes 1 1 1 3
Shots
1 2 3 T
Blue Jackets 8 16 12 36
Coyotes 10 6 14 30

1st period

1. Blue Jackets , Adam Deadmarsh 7 (Mike Lundin, Marcus Nilson) at 10:14
2. Coyotes , Nazem Kadri 8 (Drew Miller, Sergei Shirokov) at 13:35
3. Blue Jackets , Pavel Bure 7 (Marcus Nilson, Kevin Bieksa) at 17:51

Penalties :
Erik Christensen (Ari) for Holding (Minor) at 4:03, Cory Emmerton (Clb) for Holding (Minor) at 17:58

2nd period

4. Coyotes , Tim Connolly 13 (Marian Gaborik, Anton Stralman) at 11:28
5. Blue Jackets , Kevin Bieksa 9 (François Beauchemin, Marcus Nilson) at 18:30 (PP)
6. Blue Jackets , Pavel Bure 8 (Marcus Nilson, Cory Emmerton) at 19:47 (PP)

Penalties :
François Beauchemin (Clb) for Hooking (Minor) at 2:21, Nazem Kadri (Ari) for Holding (Minor) at 12:04, Marian Gaborik (Ari) for Hooking (Minor) at 17:42, Erik Cole (Ari) for Holding (Minor) at 19:11

3rd period

7. Coyotes , Erik Cole 4 (Frans Nielsen) at 7:16
8. Blue Jackets , Patric Hornqvist 13 (Tyler Myers, Chris Kelly) at 8:40 (PP)
9. Blue Jackets , Tyler Myers 1 (Kevin Bieksa, Cory Emmerton) at 13:40 (PP)

Penalties :
Chris Kelly (Clb) for High sticking (Minor) at 0:37, Cory Emmerton (Clb) for Holding (Minor) at 3:20, Frans Nielsen (Ari) for Interference (Minor) at 7:31, Mike Lundin (Clb) for Holding (Minor) at 11:29, Tyler Ennis (Ari) for High sticking (Minor) at 12:46, Marian Gaborik (Ari) for Interference (Minor) at 14:56

Goalie Stats

Rick DiPietro (Clb), 27 saves from 30 shots - (0,900), W, 22-8-2, 60:00 minutes
Marc Denis (Ari), 30 saves from 36 shots - (0,833), L, 0-1-0, 60:00 minutes

Players Stats for Blue Jackets

Player Name              G  A  P  +/- PIM S  H  SB GA TA FO     MP     PP MP  PK MP  
------------------------------------------------------------------------------------
A.J Thelen               0  0  0  -1  0   1  1  1  0  1  0/0    13:57   0:00   1:18 
Adam Deadmarsh           1  0  1  -1  0   3  2  0  2  0  1/2    12:42   0:00   2:06 
Chris Kelly              0  1  1   1  2   0  1  0  0  0  13/21  16:46   5:09   1:53 
Cory Emmerton            0  2  2  -1  4   1  1  0  0  0  9/23   16:07   3:29   0:00 
Dave Steckel             0  0  0   0  0   0  0  0  0  0  2/4     8:35   0:00   0:23 
David Booth              0  0  0  -1  0   3  0  0  0  1  0/0    18:24   5:13   1:19 
François Beauchemin      0  1  1   0  2   2  1  1  0  0  0/0    19:22   2:42   2:05 
Jan Bulis                0  0  0  -1  0   0  0  1  1  2  10/19  16:37   0:00   5:12 
Jason Ward               0  0  0   0  0   1  0  0  1  0  0/0     7:51   0:00   0:00 
Jeff Taffe               0  0  0   0  0   2  2  0  0  0  0/0     7:54   0:00   0:00 
Kevin Bieksa             1  2  3   0  0   3  0  3  1  0  0/0    25:36   2:54   3:46 
Marcus Nilson            0  4  4   1  0   2  0  0  2  0  0/0    15:47   3:17   2:34 
Mike Commodore           0  0  0  -1  0   0  0  1  0  1  0/0     3:34   0:00   0:00 
Mike Lundin              0  1  1   0  2   4  2  2  0  1  0/0    29:12   6:00   5:00 
Patric Hornqvist         1  0  1  -1  0   5  0  0  0  0  1/1    23:59   5:25   4:59 
Pavel Bure               2  0  2   1  0   3  1  0  0  0  0/0    13:05   3:17   0:00 
Ramzi Abid               0  0  0  -1  0   3  2  0  0  0  0/0    12:02   0:04   0:00 
Tyler Myers              1  1  2   0  0   3  2  2  1  0  0/0    28:30   6:00   6:17 

Players Stats for Coyotes

Player Name              G  A  P  +/- PIM S  H  SB GA TA FO     MP     PP MP  PK MP  
------------------------------------------------------------------------------------
Adrian Aucoin            0  0  0   0  0   1  0  0  0  1  0/0    10:54   0:00   0:00 
Anton Stralman           0  1  1   2  0   0  2  2  0  1  0/0    20:20   3:35   3:03 
Chad Larose              0  0  0   0  0   0  4  0  0  0  1/1    16:58   0:01   5:49 
Denis Grebeshkov         0  0  0  -1  0   3  0  1  0  2  0/0    28:53   5:38   5:39 
Drew Miller              0  1  1   0  0   4  3  0  0  0  3/9    16:57   0:01   5:58 
Erik Christensen         0  0  0   0  2   1  1  0  1  0  2/6    10:15   0:01   0:13 
Erik Cole                1  0  1   0  2   2  4  0  1  0  0/1    15:11   4:06   0:55 
Frans Nielsen            0  1  1   0  2   0  2  0  1  0  6/10   10:24   0:00   1:55 
Georges Laraque          0  0  0   0  0   0  1  0  0  0  0/1     7:15   0:00   0:00 
Jan Hlavac               0  0  0   0  0   0  0  0  0  0  0/0     9:10   0:00   1:55 
Kurt Sauer               0  0  0  -1  0   2  1  0  0  2  0/0    23:21   0:00   5:39 
Marian Gaborik           0  1  1   1  4   7  1  0  1  0  1/3    18:46   5:06   0:03 
Matt Taormina            0  0  0   0  0   0  1  2  0  0  0/0    15:20   3:35   0:00 
Nazem Kadri              1  0  1   0  2   3  2  1  0  0  5/9    17:07   4:06   0:33 
Sergei Shirokov          0  1  1   0  0   1  1  1  0  1  0/0    14:02   4:06   0:00 
Tim Connolly             1  0  1   1  0   5  1  0  1  0  16/29  17:23   5:06   0:03 
Tyler Ennis              0  0  0   1  2   1  1  0  1  0  0/1    17:01   5:05   0:00 
Wade Redden              0  0  0   2  0   0  1  1  0  1  0/0    21:12   5:38   3:03 

3 Stars

1 - Pavel Bure (Clb)
2 - Marcus Nilson (Clb)
3 - Kevin Bieksa (Clb)

Power Play

Blue Jackets - 4 on 7 Attempt(s) - 57,14%
Coyotes - 0 on 5 Attempt(s) - 0,00%

Penalty Kill

Blue Jackets - 5 on 5 Attempt(s) - 100,00% - Score 0 goal in Penalty Kill
Coyotes - 3 on 7 Attempt(s) - 42,86% - Score 0 goal in Penalty Kill

Team Stat

Blue Jackets - Hits : 15 - Faceoff Wins : 36 - Blocked Shots : 11 - Penalty Minutes : 10
Coyotes - Hits : 26 - Faceoff Wins : 34 - Blocked Shots : 8 - Penalty Minutes : 14

Official

Referees : StPierre Justin and Banfield David
Linesman : Brad Lazarowich and Pierre Champoux

Game Notes

Mike Commodore is injured at 14:47 of 1st period (Back)
13:14 of 3rd period - Coyotes goal is going for a video replay. After video review, No Goal. The net was displaced accidentally.

Finance

Level 1 -- Attendance: 4763 (79,38%) -- Ticket Income 428 670 $
Level 2 -- Attendance: 4208 (84,16%) -- Ticket Income 218 816 $
Level 3 -- Attendance: 1897 (94,85%) -- Ticket Income 60 704 $
Level 4 -- Attendance: 3427 (85,68%) -- Ticket Income 75 394 $
Luxury Box -- Attendance: 672 (67,20%) -- Ticket Income 124 320 $
Game was played at the The Pack Center.
Total Attendance: 14967 (83,15%)
Total Ticket Income: 907 904 $
Other Income: 136 186 $
Total Income: 1 044 090 $

Blue Jackets

5 vs 5 Forward 
   Center                   Left Wing                Right Wing               Time % Phy DF OF 
 1 Cory Emmerton            David Booth              Patric Hornqvist         35     1   2  2  
 2 Chris Kelly              Marcus Nilson            Pavel Bure               28     1   2  2  
 3 Jan Bulis                Ramzi Abid               Adam Deadmarsh           27     1   2  2  
 4 Dave Steckel             Jeff Taffe               Jason Ward               10     1   2  2  

5 vs 5 Defense 
   Defense                  Defense                                           Time % Phy DF OF 
 1 Kevin Bieksa             Mike Lundin                                       40     1   2  2  
 2 Tyler Myers              François Beauchemin                               30     1   2  2  
 3 Mike Commodore           A.J Thelen                                        20     1   2  2  
 4 Kevin Bieksa             Mike Lundin                                       10     1   2  2  

PowerPlay Forward 
   Center                   Left Wing                Right Wing               Time % Phy DF OF 
 1 Chris Kelly              David Booth              Patric Hornqvist         60     1   2  2  
 2 Cory Emmerton            Marcus Nilson            Pavel Bure               40     1   2  2  

PowerPlay Defense
   Defense                  Defense                                           Time % Phy DF OF 
 1 Tyler Myers              Mike Lundin                                       60     1   2  2  
 2 Kevin Bieksa             François Beauchemin                               40     1   2  2  

Penalty Kill 4 Players Forward 
   Center                   Wing                     Time % Phy DF OF 
 1 Jan Bulis                Patric Hornqvist         60     1   2  2  
 2 Chris Kelly              Marcus Nilson            40     1   2  2  

Penalty Kill 4 Players Defense
   Defense                  Defense                  Time % Phy DF OF 
 1 Tyler Myers              Mike Lundin              60     1   2  2  
 2 Kevin Bieksa             François Beauchemin      40     1   2  2  

Penalty Kill - 3 Players Forward 
   Forward                                           Time % Phy DF OF 
 1 Chris Kelly                                       60     1   2  2  
 2 Jan Bulis                                         40     1   2  2  

Penalty Kill - 3 Players Defense
   Defense                  Defense                  Time % Phy DF OF 
 1 Tyler Myers              Mike Lundin              60     1   2  2  
 2 Kevin Bieksa             François Beauchemin      40     1   2  2  

4 vs 4 Forward 
   Center                   Wing                     Time % Phy DF OF 
 1 Cory Emmerton            Patric Hornqvist         60     1   2  2  
 2 Chris Kelly              Marcus Nilson            40     1   2  2  

4 vs 4 Defense
   Defense                  Defense                  Time % Phy DF OF 
 1 Tyler Myers              Mike Lundin              60     1   2  2  
 2 Kevin Bieksa             François Beauchemin      40     1   2  2  

Last Minutes Offensive
   Center                   Left Wing                Right Wing               Defense                  Defense                  
   Chris Kelly              David Booth              Patric Hornqvist         Mike Commodore           Mike Lundin              

Last Minutes Defensive
   Center                   Left Wing                Right Wing               Defense                  Defense                  
   Chris Kelly              David Booth              Patric Hornqvist         Mike Commodore           Mike Lundin              

Goaltenders
Starting : Rick DiPietro            
Backup : Mathieu Garon            

Extra Forwards
Normal : Ramzi Abid, Jeff Taffe, Adam Deadmarsh - PP : Ramzi Abid, Jeff Taffe - PK : Adam Deadmarsh
Extra Defensemen
Normal : Mike Lundin, Tyler Myers, Kevin Bieksa - PP : Kevin Bieksa - PK : Tyler Myers, Kevin Bieksa
Penalty Shots
David Booth, Patric Hornqvist, Chris Kelly, Marcus Nilson, Ramzi Abid

Coyotes

5 vs 5 Forward 
   Center                   Left Wing                Right Wing               Time % Phy DF OF 
 1 Tim Connolly             Tyler Ennis              Marian Gaborik           36     1   1  3  
 2 Nazem Kadri              Drew Miller              Sergei Shirokov          26     1   1  3  
 3 Frans Nielsen            Erik Cole                Chad Larose              24     1   1  3  
 4 Erik Christensen         Jan Hlavac               Georges Laraque          14     3   1  1  

5 vs 5 Defense 
   Defense                  Defense                                           Time % Phy DF OF 
 1 Denis Grebeshkov         Kurt Sauer                                        40     1   2  2  
 2 Wade Redden              Anton Stralman                                    32     1   2  2  
 3 Adrian Aucoin            Matt Taormina                                     27     1   2  2  
 4 Anton Stralman           Denis Grebeshkov                                  1      1   3  1  

PowerPlay Forward 
   Center                   Left Wing                Right Wing               Time % Phy DF OF 
 1 Tim Connolly             Tyler Ennis              Marian Gaborik           60     0   0  5  
 2 Nazem Kadri              Erik Cole                Sergei Shirokov          40     0   0  5  

PowerPlay Defense
   Defense                  Defense                                           Time % Phy DF OF 
 1 Wade Redden              Denis Grebeshkov                                  60     0   0  5  
 2 Anton Stralman           Matt Taormina                                     40     0   0  5  

Penalty Kill 4 Players Forward 
   Center                   Wing                     Time % Phy DF OF 
 1 Drew Miller              Chad Larose              60     0   5  0  
 2 Frans Nielsen            Jan Hlavac               40     0   5  0  

Penalty Kill 4 Players Defense
   Defense                  Defense                  Time % Phy DF OF 
 1 Denis Grebeshkov         Kurt Sauer               60     0   5  0  
 2 Wade Redden              Anton Stralman           40     0   5  0  

Penalty Kill - 3 Players Forward 
   Forward                                           Time % Phy DF OF 
 1 Drew Miller                                       60     0   5  0  
 2 Frans Nielsen                                     40     0   5  0  

Penalty Kill - 3 Players Defense
   Defense                  Defense                  Time % Phy DF OF 
 1 Denis Grebeshkov         Wade Redden              60     0   5  0  
 2 Kurt Sauer               Anton Stralman           40     0   5  0  

4 vs 4 Forward 
   Center                   Wing                     Time % Phy DF OF 
 1 Tim Connolly             Marian Gaborik           56     1   1  3  
 2 Frans Nielsen            Drew Miller              44     1   3  1  

4 vs 4 Defense
   Defense                  Defense                  Time % Phy DF OF 
 1 Denis Grebeshkov         Kurt Sauer               56     1   3  1  
 2 Wade Redden              Anton Stralman           44     1   3  1  

Last Minutes Offensive
   Center                   Left Wing                Right Wing               Defense                  Defense                  
   Tim Connolly             Tyler Ennis              Marian Gaborik           Denis Grebeshkov         Wade Redden              

Last Minutes Defensive
   Center                   Left Wing                Right Wing               Defense                  Defense                  
   Frans Nielsen            Drew Miller              Erik Cole                Denis Grebeshkov         Kurt Sauer               

Goaltenders
Starting : Marc Denis               
Backup : Ryan Miller              

Extra Forwards
Normal : Marian Gaborik, Tyler Ennis, Sergei Shirokov - PP : Marian Gaborik, Erik Christensen - PK : Chad Larose
Extra Defensemen
Normal : Wade Redden, Denis Grebeshkov, Anton Stralman - PP : Wade Redden - PK : Kurt Sauer, Anton Stralman
Penalty Shots
Tyler Ennis, Marian Gaborik, Tim Connolly, Jan Hlavac, Sergei Shirokov

% Time on Ice - Blue Jackets

Lines # - Real PCT - Wanted PCT - Time Play
Normal Forward
1 - 33% - 35% - 13:45
2 - 24% - 28% - 9:56
3 - 24% - 27% - 9:51
4 - 19% - 10% - 7:51
Normal Defense
1 - 36% - 40% - 14:59
2 - 28% - 30% - 11:34
3 - 34% - 20% - 14:11
4 - 2% - 10% - 0:39
PP Forward
1 - 62% - 60% - 5:25
2 - 38% - 40% - 3:17
PP Defense
1 - 69% - 60% - 6:00
2 - 31% - 40% - 2:42
PK Forward
1 - 72% - 60% - 6:39
2 - 28% - 40% - 2:34
PK Defense
1 - 68% - 60% - 6:17
2 - 32% - 40% - 2:56
PK3 Forward
1 - 0% - 60%
2 - 0% - 40%
PK3 Defense
1 - 0% - 60%
2 - 0% - 40%
44 Forward
1 - 100% - 60% - 0:42
2 - 0% - 40% - 0:00
44 Defense
1 - 100% - 60% - 0:42
2 - 0% - 40% - 0:00
Last Minute Offensive  - 0:00
Last Minute Defensive  - 0:00
Total
Forward - 60:00
Defense - 60:00

% Time on Ice - Coyotes

Lines # - Real PCT - Wanted PCT - Time Play
Normal Forward
1 - 40% - 36% - 16:23
2 - 23% - 26% - 9:36
3 - 20% - 24% - 8:09
4 - 18% - 14% - 7:15
Normal Defense
1 - 41% - 40% - 17:05
2 - 33% - 32% - 13:35
3 - 26% - 27% - 10:43
4 - 0% - 1% - 0:00
PP Forward
1 - 56% - 60% - 5:07
2 - 44% - 40% - 4:06
PP Defense
1 - 61% - 60% - 5:38
2 - 39% - 40% - 3:35
PK Forward
1 - 78% - 60% - 6:47
2 - 22% - 40% - 1:55
PK Defense
1 - 65% - 60% - 5:39
2 - 35% - 40% - 3:03
PK3 Forward
1 - 0% - 60%
2 - 0% - 40%
PK3 Defense
1 - 0% - 60%
2 - 0% - 40%
44 Forward
1 - 100% - 56% - 0:42
2 - 0% - 44% - 0:00
44 Defense
1 - 100% - 56% - 0:42
2 - 0% - 44% - 0:00
Last Minute Offensive  - 0:00
Last Minute Defensive  - 0:00
Total
Forward - 60:00
Defense - 60:00

Play by Play

1st period


0:01 of 1st period - Cory Emmerton wins face-off versus Tim Connolly in neutral zone.
0:06 of 1st period - Slapshot by Patric Hornqvist.
0:06 of 1st period - Stopped by Marc Denis without a rebound.
0:07 of 1st period - Cory Emmerton wins face-off versus Tim Connolly in Coyotes zone.
0:08 of 1st period - Wrist shot by Patric Hornqvist.
0:08 of 1st period - Shot Misses the Net.
0:21 of 1st period - Wrist shot by Marian Gaborik.
0:21 of 1st period - Stopped by Rick DiPietro without a rebound.
0:22 of 1st period - Chris Kelly wins face-off versus Nazem Kadri in Blue Jackets zone.
0:27 of 1st period - Chris Kelly is hit by Anton Stralman and loses puck.
0:45 of 1st period - Icing by Sergei Shirokov.
0:46 of 1st period - Frans Nielsen wins face-off versus Jan Bulis in Coyotes zone.
0:51 of 1st period - Snap shot by Frans Nielsen.
0:51 of 1st period - Shot Blocked by Jan Bulis.
1:56 of 1st period - Snap shot by Marcus Nilson.
1:56 of 1st period - Shot Blocked by Matt Taormina.
2:36 of 1st period - Jan Hlavac is hit by Jeff Taffe and loses puck.
3:07 of 1st period - Wrist shot by Sergei Shirokov.
3:07 of 1st period - Shot Blocked by A.J Thelen.
3:39 of 1st period - Snap shot by Patric Hornqvist.
3:39 of 1st period - Shot Misses the Net.
4:03 of 1st period - Minor Penalty to Erik Christensen for Holding.
4:04 of 1st period - Chad Larose wins face-off versus Chris Kelly in Coyotes zone.
6:03 of 1st period - Penalty to Erik Christensen is over, Erik Christensen is back on ice.
6:06 of 1st period - Kurt Sauer is hit by Mike Lundin and loses puck.
6:21 of 1st period - Snap shot by Erik Cole.
6:21 of 1st period - Stopped by Rick DiPietro with a rebound.
7:09 of 1st period - Wrist shot by Marian Gaborik.
7:09 of 1st period - Shot Hit the Post.
7:24 of 1st period - Icing by Erik Cole.
7:25 of 1st period - Frans Nielsen wins face-off versus Cory Emmerton in Coyotes zone.
7:44 of 1st period - Snap shot by Marian Gaborik.
7:44 of 1st period - Stopped by Rick DiPietro without a rebound.
7:45 of 1st period - Tim Connolly wins face-off versus Chris Kelly in Blue Jackets zone.
8:10 of 1st period - Wrist shot by Patric Hornqvist.
8:10 of 1st period - Stopped by Marc Denis with a rebound.
8:12 of 1st period - Slapshot by Tyler Myers.
8:12 of 1st period - Deflect By Patric Hornqvist.
8:12 of 1st period - Shot Misses the Net.
8:12 of 1st period - Puck is out of play.
8:13 of 1st period - Nazem Kadri wins face-off versus Cory Emmerton in Coyotes zone.
8:18 of 1st period - Tyler Myers is hit by Sergei Shirokov and loses puck.
8:43 of 1st period - David Booth is hit by Drew Miller and loses puck.
8:52 of 1st period - Drew Miller is hit by Tyler Myers and loses puck.
9:13 of 1st period - Wrist shot by Patric Hornqvist.
9:13 of 1st period - Stopped by Marc Denis with a rebound.
9:37 of 1st period - Wrist shot by Sergei Shirokov.
9:37 of 1st period - Stopped by Rick DiPietro without a rebound.
9:38 of 1st period - Chris Kelly wins face-off versus Tim Connolly in Blue Jackets zone.
9:43 of 1st period - Snap shot by Marcus Nilson.
9:43 of 1st period - Shot Blocked by Denis Grebeshkov.
10:14 of 1st period - Slapshot by Adam Deadmarsh.
10:14 of 1st period - Goal by Adam Deadmarsh - Blue Jackets : 1 - Coyotes : 0.
10:15 of 1st period - Jan Bulis wins face-off versus Tim Connolly in neutral zone.
11:01 of 1st period - Wrist shot by Erik Christensen.
11:01 of 1st period - Stopped by Rick DiPietro without a rebound.
11:02 of 1st period - Dave Steckel wins face-off versus Erik Christensen in Blue Jackets zone.
11:04 of 1st period - Icing by Jeff Taffe.
11:05 of 1st period - Erik Christensen wins face-off versus Dave Steckel in Blue Jackets zone.
13:35 of 1st period - Wrist shot by Drew Miller.
13:35 of 1st period - Deflect By Nazem Kadri.
13:35 of 1st period - Goal by Nazem Kadri - Blue Jackets : 1 - Coyotes : 1.
13:36 of 1st period - Adam Deadmarsh wins face-off versus Tim Connolly in neutral zone.
14:02 of 1st period - Patric Hornqvist is hit by Frans Nielsen and loses puck.
14:47 of 1st period - Backhand shot by Adrian Aucoin.
14:47 of 1st period - Shot Blocked by Mike Commodore.
14:47 of 1st period - Mike Commodore from Blue Jackets is injured at 14:47 of 1st period (Back).
14:48 of 1st period - Tim Connolly wins face-off versus Cory Emmerton in Blue Jackets zone.
14:49 of 1st period - Wrist shot by Marian Gaborik.
14:49 of 1st period - Stopped by Rick DiPietro without a rebound.
14:50 of 1st period - Cory Emmerton wins face-off versus Tim Connolly in Blue Jackets zone.
15:18 of 1st period - Slapshot by Kevin Bieksa.
15:18 of 1st period - Stopped by Marc Denis without a rebound.
15:19 of 1st period - Jan Bulis wins face-off versus Frans Nielsen in Coyotes zone.
15:20 of 1st period - Snap shot by Adam Deadmarsh.
15:20 of 1st period - Stopped by Marc Denis without a rebound.
15:21 of 1st period - Jan Bulis wins face-off versus Tyler Ennis in Coyotes zone.
16:31 of 1st period - Slapshot by Denis Grebeshkov.
16:31 of 1st period - Stopped by Rick DiPietro with a rebound.
17:01 of 1st period - Snap shot by Marian Gaborik.
17:01 of 1st period - Shot Blocked by Kevin Bieksa.
17:03 of 1st period - Snap shot by Kurt Sauer.
17:03 of 1st period - Deflect By Jan Bulis.
17:03 of 1st period - Stopped by Rick DiPietro without a rebound.
17:04 of 1st period - Cory Emmerton wins face-off versus Frans Nielsen in Blue Jackets zone.
17:04 of 1st period - Cory Emmerton is hit by Chad Larose.
17:11 of 1st period - Mike Lundin is hit by Frans Nielsen and loses puck.
17:14 of 1st period - Slapshot by Mike Lundin.
17:14 of 1st period - Stopped by Marc Denis without a rebound.
17:15 of 1st period - Chris Kelly wins face-off versus Tim Connolly in Coyotes zone.
17:42 of 1st period - Kevin Bieksa is hit by Matt Taormina and loses puck.
17:49 of 1st period - Slapshot by Marcus Nilson.
17:49 of 1st period - Shot Blocked by Sergei Shirokov.
17:51 of 1st period - Slapshot by Pavel Bure.
17:51 of 1st period - Goal by Pavel Bure - Blue Jackets : 2 - Coyotes : 1.
17:52 of 1st period - Marian Gaborik wins face-off versus Cory Emmerton in neutral zone.
17:58 of 1st period - Minor Penalty to Cory Emmerton for Holding.
17:59 of 1st period - Tim Connolly wins face-off versus Jan Bulis in Blue Jackets zone.
18:09 of 1st period - Wrist shot by Tim Connolly.
18:09 of 1st period - Stopped by Rick DiPietro with a rebound.
18:11 of 1st period - Wrist shot by Tim Connolly.
18:11 of 1st period - Shot Misses the Net.
18:13 of 1st period - Snap shot by Tyler Ennis.
18:13 of 1st period - Shot Misses the Net.
18:15 of 1st period - Snap shot by Tyler Ennis.
18:15 of 1st period - Shot Misses the Net.
19:58 of 1st period - Penalty to Cory Emmerton is over, Cory Emmerton is back on ice.
Goals for this period are 2 for Blue Jackets vs 1 for Coyotes.
Shots for this period are 8 for Blue Jackets vs 10 for Coyotes.

2nd period


0:01 of 2nd period - Tim Connolly wins face-off versus Cory Emmerton in neutral zone.
0:35 of 2nd period - Adam Deadmarsh is hit by Chad Larose and loses puck.
1:17 of 2nd period - Slapshot by Drew Miller.
1:17 of 2nd period - Shot Misses the Net.
1:23 of 2nd period - Slapshot by Drew Miller.
1:23 of 2nd period - Stopped by Rick DiPietro without a rebound.
1:24 of 2nd period - Tim Connolly wins face-off versus Jan Bulis in Blue Jackets zone.
1:33 of 2nd period - Slapshot by Mike Lundin.
1:33 of 2nd period - Stopped by Marc Denis without a rebound.
1:34 of 2nd period - Jan Bulis wins face-off versus Tim Connolly in Coyotes zone.
1:49 of 2nd period - Wrist shot by Ramzi Abid.
1:49 of 2nd period - Stopped by Marc Denis without a rebound.
1:50 of 2nd period - Frans Nielsen wins face-off versus Cory Emmerton in Coyotes zone.
2:03 of 2nd period - Snap shot by Cory Emmerton.
2:03 of 2nd period - Stopped by Marc Denis with a rebound.
2:05 of 2nd period - Backhand shot by David Booth.
2:05 of 2nd period - Stopped by Marc Denis with a rebound.
2:21 of 2nd period - Minor Penalty to François Beauchemin for Hooking.
2:22 of 2nd period - Tim Connolly wins face-off versus Jan Bulis in Blue Jackets zone.
2:40 of 2nd period - Tyler Myers is hit by Tim Connolly and loses puck.
2:59 of 2nd period - Wrist shot by Nazem Kadri.
2:59 of 2nd period - Shot Hit the Post.
3:01 of 2nd period - Wrist shot by Sergei Shirokov.
3:01 of 2nd period - Shot Misses the Net.
4:21 of 2nd period - Penalty to François Beauchemin is over, François Beauchemin is back on ice.
4:54 of 2nd period - Ramzi Abid is hit by Erik Christensen.
5:13 of 2nd period - Drew Miller is hit by François Beauchemin and loses puck.
5:47 of 2nd period - Chad Larose is hit by Ramzi Abid.
5:53 of 2nd period - Patric Hornqvist is hit by Drew Miller and loses puck.
5:58 of 2nd period - Wrist shot by Drew Miller.
5:58 of 2nd period - Stopped by Rick DiPietro with a rebound.
6:00 of 2nd period - Snap shot by Chad Larose.
6:00 of 2nd period - Shot Misses the Net.
6:10 of 2nd period - Slapshot by Drew Miller.
6:10 of 2nd period - Stopped by Rick DiPietro without a rebound.
6:11 of 2nd period - Tim Connolly wins face-off versus Chris Kelly in Blue Jackets zone.
6:12 of 2nd period - Slapshot by Marian Gaborik.
6:12 of 2nd period - Stopped by Rick DiPietro with a rebound.
6:27 of 2nd period - François Beauchemin is hit by Wade Redden and loses puck.
6:52 of 2nd period - Slapshot by Jeff Taffe.
6:52 of 2nd period - Shot Misses the Net.
7:32 of 2nd period - Icing by Nazem Kadri.
7:33 of 2nd period - Chris Kelly wins face-off versus Tim Connolly in Coyotes zone.
8:27 of 2nd period - Wade Redden is hit by Pavel Bure and loses puck.
9:17 of 2nd period - David Booth is hit by Erik Cole and loses puck.
10:27 of 2nd period - Cory Emmerton is hit by Drew Miller and loses puck.
10:54 of 2nd period - Georges Laraque is hit by Jeff Taffe and loses puck.
10:58 of 2nd period - Icing by Denis Grebeshkov.
10:59 of 2nd period - Dave Steckel wins face-off versus Erik Christensen in Coyotes zone.
11:00 of 2nd period - Snap shot by Jeff Taffe.
11:00 of 2nd period - Shot Misses the Net.
11:26 of 2nd period - Wrist shot by Marian Gaborik.
11:26 of 2nd period - Stopped by Rick DiPietro with a rebound.
11:28 of 2nd period - Wrist shot by Tim Connolly.
11:28 of 2nd period - Goal by Tim Connolly - Blue Jackets : 2 - Coyotes : 2.
11:29 of 2nd period - Frans Nielsen wins face-off versus Jan Bulis in neutral zone.
12:04 of 2nd period - Minor Penalty to Nazem Kadri for Holding.
12:05 of 2nd period - Drew Miller wins face-off versus Chris Kelly in Coyotes zone.
12:05 of 2nd period - Drew Miller is hit by Chris Kelly.
12:18 of 2nd period - Slapshot by Patric Hornqvist.
12:18 of 2nd period - Shot Misses the Net.
12:20 of 2nd period - Slapshot by Mike Lundin.
12:20 of 2nd period - Deflect By David Booth.
12:20 of 2nd period - Shot Misses the Net.
12:20 of 2nd period - Puck is out of play.
12:21 of 2nd period - Chris Kelly wins face-off versus Drew Miller in Coyotes zone.
12:24 of 2nd period - Wrist shot by Patric Hornqvist.
12:24 of 2nd period - Stopped by Marc Denis without a rebound.
12:25 of 2nd period - Drew Miller wins face-off versus Chris Kelly in Coyotes zone.
14:04 of 2nd period - Penalty to Nazem Kadri is over, Nazem Kadri is back on ice.
14:07 of 2nd period - Slapshot by Erik Christensen.
14:07 of 2nd period - Shot Misses the Net.
14:27 of 2nd period - Snap shot by Ramzi Abid.
14:27 of 2nd period - Stopped by Marc Denis with a rebound.
14:52 of 2nd period - Jeff Taffe is hit by Kurt Sauer and loses puck.
15:22 of 2nd period - Wrist shot by Jason Ward.
15:22 of 2nd period - Stopped by Marc Denis with a rebound.
15:24 of 2nd period - Wrist shot by Jeff Taffe.
15:24 of 2nd period - Shot Misses the Net.
15:26 of 2nd period - Snap shot by Jeff Taffe.
15:26 of 2nd period - Stopped by Marc Denis without a rebound.
15:27 of 2nd period - Tim Connolly wins face-off versus Jan Bulis in Coyotes zone.
15:36 of 2nd period - Slapshot by Jan Bulis.
15:36 of 2nd period - Shot Misses the Net.
15:38 of 2nd period - Wrist shot by Adam Deadmarsh.
15:38 of 2nd period - Stopped by Marc Denis with a rebound.
15:40 of 2nd period - Slapshot by A.J Thelen.
15:40 of 2nd period - Stopped by Marc Denis without a rebound.
15:41 of 2nd period - Tim Connolly wins face-off versus Cory Emmerton in Coyotes zone.
15:41 of 2nd period - Tim Connolly is hit by A.J Thelen.
16:34 of 2nd period - Wrist shot by Marcus Nilson.
16:34 of 2nd period - Shot Misses the Net.
17:07 of 2nd period - Jan Hlavac is hit by Adam Deadmarsh and loses puck.
17:40 of 2nd period - Slapshot by François Beauchemin.
17:40 of 2nd period - Stopped by Marc Denis with a rebound.
17:42 of 2nd period - Minor Penalty to Marian Gaborik for Hooking.
17:43 of 2nd period - Chris Kelly wins face-off versus Drew Miller in Coyotes zone.
18:18 of 2nd period - Wrist shot by Cory Emmerton.
18:18 of 2nd period - Shot Misses the Net.
18:20 of 2nd period - Snap shot by Tyler Myers.
18:20 of 2nd period - Deflect By Marcus Nilson.
18:20 of 2nd period - Shot Misses the Net.
18:20 of 2nd period - Puck is out of play.
18:21 of 2nd period - Cory Emmerton wins face-off versus Drew Miller in Coyotes zone.
18:26 of 2nd period - Wrist shot by Marcus Nilson.
18:26 of 2nd period - Stopped by Marc Denis with a rebound.
18:28 of 2nd period - Wrist shot by François Beauchemin.
18:28 of 2nd period - Stopped by Marc Denis with a rebound.
18:30 of 2nd period - Wrist shot by Kevin Bieksa.
18:30 of 2nd period - Goal by Kevin Bieksa - Blue Jackets : 3 - Coyotes : 2.
18:31 of 2nd period - Jan Bulis wins face-off versus Nazem Kadri in neutral zone.
18:33 of 2nd period - Kevin Bieksa is hit by Anton Stralman and loses puck.
18:46 of 2nd period - Slapshot by Ramzi Abid.
18:46 of 2nd period - Stopped by Marc Denis with a rebound.
19:11 of 2nd period - Minor Penalty to Erik Cole for Holding.
19:12 of 2nd period - Drew Miller wins face-off versus Chris Kelly in Coyotes zone.
19:38 of 2nd period - Chad Larose is hit by Cory Emmerton and loses puck.
19:45 of 2nd period - Slapshot by Cory Emmerton.
19:45 of 2nd period - Shot Misses the Net.
19:47 of 2nd period - Snap shot by Marcus Nilson.
19:47 of 2nd period - Deflect By Pavel Bure.
19:47 of 2nd period - Goal by Pavel Bure - Blue Jackets : 4 - Coyotes : 2.
19:48 of 2nd period - Tim Connolly wins face-off versus Jan Bulis in neutral zone.
19:51 of 2nd period - Slapshot by Tyler Ennis.
19:51 of 2nd period - Shot Misses the Net.
Goals for this period are 2 for Blue Jackets vs 1 for Coyotes.
Shots for this period are 16 for Blue Jackets vs 6 for Coyotes.

3rd period


0:01 of 3rd period - Frans Nielsen wins face-off versus Cory Emmerton in neutral zone.
0:13 of 3rd period - Wrist shot by David Booth.
0:13 of 3rd period - Stopped by Marc Denis without a rebound.
0:14 of 3rd period - Nazem Kadri wins face-off versus Chris Kelly in Coyotes zone.
0:31 of 3rd period - Wrist shot by Nazem Kadri.
0:31 of 3rd period - Stopped by Rick DiPietro with a rebound.
0:37 of 3rd period - Minor Penalty to Chris Kelly for High sticking.
0:38 of 3rd period - Jan Bulis wins face-off versus Tim Connolly in Blue Jackets zone.
1:03 of 3rd period - Tyler Myers is hit by Erik Cole.
2:37 of 3rd period - Penalty to Chris Kelly is over, Chris Kelly is back on ice.
3:00 of 3rd period - Jason Ward is hit by Georges Laraque and loses puck.
3:20 of 3rd period - Minor Penalty to Cory Emmerton for Holding.
3:21 of 3rd period - Patric Hornqvist wins face-off versus Marian Gaborik in Blue Jackets zone.
3:21 of 3rd period - Patric Hornqvist is hit by Marian Gaborik.
3:47 of 3rd period - Chris Kelly is hit by Erik Cole and loses puck.
4:04 of 3rd period - Tyler Ennis is hit by Adam Deadmarsh.
4:49 of 3rd period - Icing by Tyler Ennis.
4:50 of 3rd period - Jan Bulis wins face-off versus Tim Connolly in Coyotes zone.
5:20 of 3rd period - Penalty to Cory Emmerton is over, Cory Emmerton is back on ice.
5:28 of 3rd period - Slapshot by Mike Lundin.
5:28 of 3rd period - Shot Misses the Net.
5:30 of 3rd period - Wrist shot by Jeff Taffe.
5:30 of 3rd period - Shot Blocked by Matt Taormina.
5:36 of 3rd period - Snap shot by Jason Ward.
5:36 of 3rd period - Shot Blocked by Anton Stralman.
5:38 of 3rd period - Snap shot by Jeff Taffe.
5:38 of 3rd period - Stopped by Marc Denis with a rebound.
6:04 of 3rd period - Cory Emmerton is hit by Nazem Kadri and loses puck.
6:37 of 3rd period - Icing by Jan Hlavac.
6:38 of 3rd period - Chris Kelly wins face-off versus Erik Christensen in Coyotes zone.
6:52 of 3rd period - Off-side.
6:53 of 3rd period - Nazem Kadri wins face-off versus Cory Emmerton in neutral zone.
7:02 of 3rd period - Wrist shot by Nazem Kadri.
7:02 of 3rd period - Stopped by Rick DiPietro without a rebound.
7:03 of 3rd period - Cory Emmerton wins face-off versus Nazem Kadri in Blue Jackets zone.
7:14 of 3rd period - Wrist shot by Sergei Shirokov.
7:14 of 3rd period - Deflect By Drew Miller.
7:14 of 3rd period - Shot Blocked by Kevin Bieksa.
7:14 of 3rd period - Puck is out of play.
7:15 of 3rd period - Frans Nielsen wins face-off versus Adam Deadmarsh in Blue Jackets zone.
7:16 of 3rd period - Snap shot by Erik Cole.
7:16 of 3rd period - Goal by Erik Cole - Blue Jackets : 4 - Coyotes : 3.
7:17 of 3rd period - Jan Bulis wins face-off versus Frans Nielsen in neutral zone.
7:17 of 3rd period - Jan Bulis is hit by Chad Larose.
7:20 of 3rd period - Off-side.
7:21 of 3rd period - Jan Bulis wins face-off versus Frans Nielsen in neutral zone.
7:31 of 3rd period - Minor Penalty to Frans Nielsen for Interference.
7:32 of 3rd period - Chris Kelly wins face-off versus Drew Miller in Coyotes zone.
7:37 of 3rd period - Wrist shot by Patric Hornqvist.
7:37 of 3rd period - Shot Misses the Net.
7:39 of 3rd period - Snap shot by David Booth.
7:39 of 3rd period - Stopped by Marc Denis with a rebound.
7:41 of 3rd period - Wrist shot by Mike Lundin.
7:41 of 3rd period - Stopped by Marc Denis without a rebound.
7:42 of 3rd period - Chris Kelly wins face-off versus Drew Miller in Coyotes zone.
8:13 of 3rd period - Snap shot by Patric Hornqvist.
8:13 of 3rd period - Shot Misses the Net.
8:40 of 3rd period - Wrist shot by Patric Hornqvist.
8:40 of 3rd period - Goal by Patric Hornqvist - Blue Jackets : 5 - Coyotes : 3.
8:41 of 3rd period - Tim Connolly wins face-off versus Jan Bulis in neutral zone.
9:04 of 3rd period - Icing by Marian Gaborik.
9:05 of 3rd period - Erik Christensen wins face-off versus Dave Steckel in Coyotes zone.
9:20 of 3rd period - Snap shot by Jeff Taffe.
9:20 of 3rd period - Shot Blocked by Anton Stralman.
9:33 of 3rd period - Icing by Patric Hornqvist.
9:34 of 3rd period - Nazem Kadri wins face-off versus Cory Emmerton in Blue Jackets zone.
9:37 of 3rd period - Wrist shot by Drew Miller.
9:37 of 3rd period - Stopped by Rick DiPietro with a rebound.
10:00 of 3rd period - Jan Bulis is hit by Erik Cole.
10:28 of 3rd period - Snap shot by Pavel Bure.
10:28 of 3rd period - Deflect By Marcus Nilson.
10:28 of 3rd period - Shot Misses the Net.
10:28 of 3rd period - Puck is out of play.
10:29 of 3rd period - Tim Connolly wins face-off versus Cory Emmerton in Coyotes zone.
10:42 of 3rd period - Snap shot by Tim Connolly.
10:42 of 3rd period - Shot Blocked by Mike Lundin.
10:44 of 3rd period - Slapshot by Tyler Ennis.
10:44 of 3rd period - Stopped by Rick DiPietro with a rebound.
10:46 of 3rd period - Slapshot by Tim Connolly.
10:46 of 3rd period - Stopped by Rick DiPietro without a rebound.
10:47 of 3rd period - Nazem Kadri wins face-off versus Chris Kelly in Blue Jackets zone.
10:52 of 3rd period - Wrist shot by Drew Miller.
10:52 of 3rd period - Shot Blocked by Mike Lundin.
11:29 of 3rd period - Minor Penalty to Mike Lundin for Holding.
11:30 of 3rd period - Tim Connolly wins face-off versus Jan Bulis in Blue Jackets zone.
11:33 of 3rd period - Wrist shot by Marian Gaborik.
11:33 of 3rd period - Shot Misses the Net.
11:35 of 3rd period - Slapshot by Denis Grebeshkov.
11:35 of 3rd period - Deflect By Jan Bulis.
11:35 of 3rd period - Stopped by Rick DiPietro with a rebound.
11:37 of 3rd period - Slapshot by Wade Redden.
11:37 of 3rd period - Deflect By Tim Connolly.
11:37 of 3rd period - Shot Blocked by Kevin Bieksa.
11:37 of 3rd period - Puck is out of play.
11:38 of 3rd period - Jan Bulis wins face-off versus Tim Connolly in Blue Jackets zone.
11:53 of 3rd period - Backhand shot by Marian Gaborik.
11:53 of 3rd period - Shot Blocked by Tyler Myers.
12:17 of 3rd period - Wrist shot by Tim Connolly.
12:17 of 3rd period - Shot Misses the Net.
12:19 of 3rd period - Slapshot by Denis Grebeshkov.
12:19 of 3rd period - Deflect By Jan Bulis.
12:19 of 3rd period - Stopped by Rick DiPietro without a rebound.
12:20 of 3rd period - Chris Kelly wins face-off versus Erik Cole in Blue Jackets zone.
12:20 of 3rd period - Chris Kelly is hit by Nazem Kadri.
12:46 of 3rd period - Minor Penalty to Tyler Ennis for High sticking.
12:47 of 3rd period - Tim Connolly wins face-off versus Cory Emmerton in Coyotes zone.
12:54 of 3rd period - Slapshot by Denis Grebeshkov.
12:54 of 3rd period - Deflect By Marian Gaborik.
12:54 of 3rd period - Shot Misses the Net.
12:54 of 3rd period - Puck is out of play.
12:55 of 3rd period - Tim Connolly wins face-off versus Cory Emmerton in Blue Jackets zone.
12:56 of 3rd period - Slapshot by Marian Gaborik.
12:56 of 3rd period - Stopped by Rick DiPietro with a rebound.
12:58 of 3rd period - Slapshot by Kurt Sauer.
12:58 of 3rd period - Stopped by Rick DiPietro without a rebound.
12:59 of 3rd period - Tim Connolly wins face-off versus Cory Emmerton in Blue Jackets zone.
13:12 of 3rd period - Wrist shot by Tim Connolly.
13:12 of 3rd period - Stopped by Rick DiPietro with a rebound.
13:14 of 3rd period - Slapshot by Tim Connolly.
13:14 of 3rd period - Coyotes goal is going for a video replay.
13:14 of 3rd period - The goal is refused. The net was displaced accidentally..
13:15 of 3rd period - Cory Emmerton wins face-off versus Tim Connolly in Blue Jackets zone.
13:29 of 3rd period - Penalty to Mike Lundin is over, Mike Lundin is back on ice.
13:38 of 3rd period - Slapshot by Kevin Bieksa.
13:38 of 3rd period - Shot Misses the Net.
13:40 of 3rd period - Slapshot by Tyler Myers.
13:40 of 3rd period - Goal by Tyler Myers - Blue Jackets : 6 - Coyotes : 3.
13:41 of 3rd period - Cory Emmerton wins face-off versus Marian Gaborik in neutral zone.
14:14 of 3rd period - Slapshot by Tyler Myers.
14:14 of 3rd period - Stopped by Marc Denis without a rebound.
14:15 of 3rd period - Chris Kelly wins face-off versus Nazem Kadri in Coyotes zone.
14:28 of 3rd period - Snap shot by Marcus Nilson.
14:28 of 3rd period - Shot Blocked by Nazem Kadri.
14:30 of 3rd period - Snap shot by Marcus Nilson.
14:30 of 3rd period - Stopped by Marc Denis with a rebound.
14:40 of 3rd period - Ramzi Abid is hit by Tyler Ennis.
14:44 of 3rd period - Slapshot by Tyler Myers.
14:44 of 3rd period - Stopped by Marc Denis with a rebound.
14:46 of 3rd period - Slapshot by Mike Lundin.
14:46 of 3rd period - Stopped by Marc Denis with a rebound.
14:48 of 3rd period - Slapshot by Mike Lundin.
14:48 of 3rd period - Shot Misses the Net.
14:50 of 3rd period - Snap shot by Adam Deadmarsh.
14:50 of 3rd period - Shot Blocked by Wade Redden.
14:56 of 3rd period - Minor Penalty to Marian Gaborik for Interference.
14:57 of 3rd period - Chris Kelly wins face-off versus Drew Miller in Coyotes zone.
15:24 of 3rd period - Frans Nielsen is hit by Mike Lundin and loses puck.
16:56 of 3rd period - Penalty to Marian Gaborik is over, Marian Gaborik is back on ice.
17:10 of 3rd period - Jason Ward is hit by Chad Larose and loses puck.
17:57 of 3rd period - Adrian Aucoin is hit by Tyler Myers and loses puck.
18:08 of 3rd period - Wrist shot by Marian Gaborik.
18:08 of 3rd period - Shot Blocked by François Beauchemin.
18:10 of 3rd period - Slapshot by Adrian Aucoin.
18:10 of 3rd period - Shot Blocked by Tyler Myers.
18:20 of 3rd period - Snap shot by Marian Gaborik.
18:20 of 3rd period - Stopped by Rick DiPietro with a rebound.
18:22 of 3rd period - Slapshot by Adrian Aucoin.
18:22 of 3rd period - Stopped by Rick DiPietro without a rebound.
18:23 of 3rd period - Chris Kelly wins face-off versus Erik Christensen in Blue Jackets zone.
18:54 of 3rd period - Wade Redden is hit by Ramzi Abid.
19:21 of 3rd period - Wrist shot by Pavel Bure.
19:21 of 3rd period - Stopped by Marc Denis with a rebound.
19:31 of 3rd period - Snap shot by Patric Hornqvist.
19:31 of 3rd period - Shot Misses the Net.
19:33 of 3rd period - Slapshot by Kevin Bieksa.
19:33 of 3rd period - Stopped by Marc Denis without a rebound.
19:34 of 3rd period - Cory Emmerton wins face-off versus Georges Laraque in Coyotes zone.
19:47 of 3rd period - Snap shot by David Booth.
19:47 of 3rd period - Shot Misses the Net.
Goals for this period are 2 for Blue Jackets vs 1 for Coyotes.
Shots for this period are 12 for Blue Jackets vs 14 for Coyotes.